 Dungeon Crawl Stone Soup version 0.29.1-2-gbd0b4ee654 (webtiles) character file.

Game seed: 995432959389456445

20925 SaifuuSuri the Geomancer (level 12, -2/100 HPs)
             Began as a Yellow Draconian Earth Elementalist on Nov 21, 2022.
             Was an Elder of Sif Muna.
             Slain by a cane toad (21 damage)
             ... on level 3 of the Lair of Beasts on Nov 23, 2022.
             The game lasted 04:45:44 (19484 turns).

SaifuuSuri the Geomancer (DrEE)                    Turns: 19484, Time: 04:45:44

Health: -2/100     AC: 11    Str: 17    XL:     12   Next: 49%
Magic:  23/25      EV: 12    Int: 26    God:    Sif Muna [****..]
Gold:   1300       SH:  0    Dex: 12    Spells: 15/29 levels left

rFire   . . .      SeeInvis .   F - +7 flail "Eloon" {elec, *Rage rElec rC+, Flailing Angrily}
rCold   + . .      Faith    .   (no shield)
rNeg    . . .      Spirit   .   (body armour unavailable)
rPois   +          Reflect  .   (helmet restricted)
rElec   +          Harm     .   N - +0 cloak {rPois}
rCorr   +          Rampage  .   T - +0 pair of gloves
Will    .....      Rage     20% K - +0 pair of boots
Stlth   ++........              u - amulet of the acrobat
HPRegen 0.26/turn               d - +6 ring of strength
MPRegen 0.19/turn               I - +6 ring of intelligence

@: about to teleport, on berserk cooldown, slowed, very slow
A: spit acid, AC +8, unfitting armour, cold-blooded, acid resistance
a: Breathe Acid, Renounce Religion, Channel Magic, Forget Spell, Divine Exegesis


You were on level 3 of the Lair of Beasts.
You worshipped Sif Muna.
Sif Muna was greatly pleased with you.
You visited 3 branches of the dungeon, and saw 16 of its levels.

You collected 1600 gold pieces.
You spent 300 gold pieces at shops.

Inventory:

Hand Weapons
 F - the +7 flail "Eloon" (weapon) {elec, *Rage rElec rC+, Flailing Angrily}
   (You found it on level 5 of the Dungeon)

   It occasionally discharges a powerful burst of electricity upon striking a
   foe.
   rC:        It protects you from cold.
   rElec:     It insulates you from electricity.
   *Rage:     It berserks you when you make melee attacks (+20% chance).
Missiles
 f - 2 throwing nets (quivered)
 i - 10 silver javelins
 o - 2 curare-tipped darts
 G - 19 poisoned darts
Armour
 K - a +0 pair of boots (worn)
 N - a +0 cloak of poison resistance (worn)
 T - a +0 pair of gloves (worn)
Magical Staves
 r - a staff of air
 B - a staff of fire
Jewellery
 d - a +6 ring of strength (left hand)
 m - a ring of willpower
 t - a ring of protection from fire
 u - an amulet of the acrobat (around neck)
 x - a ring of poison resistance
 I - a +6 ring of intelligence (right hand)
 O - a ring of magical power
 U - a ring of willpower
 W - a ring of ice
Wands
 l - a wand of light (4)
 n - a wand of flame (16)
 D - a wand of digging (6)
 E - a wand of charming (12)
 J - a wand of polymorph (16)
 Q - a wand of iceblast (14)
Scrolls
 b - a scroll of silence
 c - a scroll of brand weapon {unknown}
 g - 3 scrolls of magic mapping
 k - 2 scrolls of fear
 q - 2 scrolls of poison
 v - a scroll of noise {unknown}
 y - a scroll of amnesia
 L - 2 scrolls of enchant weapon
 M - 5 scrolls of teleportation
 R - a scroll of enchant armour {unknown}
Potions
 a - 3 potions of magic
 e - 2 potions of curing
 h - 3 potions of flight
 j - 2 potions of attraction
 p - 3 potions of brilliance
 s - a potion of mutation {unknown}
 w - 2 potions of degeneration
 z - 2 potions of invisibility
 A - a potion of haste
 C - 2 potions of cancellation
 H - a potion of berserk rage {unknown}
 P - a potion of lignification {unknown}
 S - a potion of ambrosia {unknown}
 X - a potion of heal wounds


   Skills:
 * Level 7.4 Fighting
 - Level 7.4 Maces & Flails
 - Level 1.7 Dodging
 - Level 1.7 Stealth
 - Level 9.0 Spellcasting
 - Level 9.5 Transmutations
 - Level 11.0 Earth Magic
 * Level 8.2 Invocations


You had 15 spell levels left.
You knew the following spells:

 Your Spells              Type           Power      Damage    Failure   Level
a - Sandblast             Erth           100%       2d20      1%          1
b - Passwall              Tmut/Erth      50%        N/A       1%          2
c - Stone Arrow           Conj/Erth      80%        3d12      1%          3
d - Petrify               Tmut/Erth      60%        N/A       1%          4
e - Leda's Liquefaction   Hex/Erth       20%        N/A       5%          4

Your spell library contained the following spells:

 Spells                   Type           Power      Damage    Failure   Level
 Spider Form              Tmut/Pois      36%        N/A       2%          3
 Foxfire                  Conj/Fire      44%        2x1d6     4%          1
 Magic Dart               Conj           44%        1d5       4%          1
 Slow                     Hex            44%        N/A       4%          1
 Ignite Poison            Fire/Tmut/Pois 28%        N/A       4%          3
 Ensorcelled Hibernation  Hex/Ice        22%        N/A       8%          2
 Scorch                   Fire           22%        2d6       8%          2
 Searing Ray              Conj           22%        2d5       8%          2
 Call Canine Familiar     Summ           11%        N/A       16%         3
 Confusing Touch          Hex            11%        N/A       16%         3
 Conjure Flame            Conj/Fire      11%        6-21      16%         3
 Inner Flame              Hex/Fire       11%        N/A       16%         3
 Portal Projectile        Hex/Tloc       22%        N/A       16%         3
 Vampiric Draining        Necr           11%        2d6       16%         3
 Anguish                  Hex/Necr       5%         N/A       45%         4
 Corpse Rot               Necr/Pois/Air  11%        N/A       45%         4
 Dispel Undead            Necr           11%        3d9       45%         4
 Flame Wave               Conj/Fire      11%        2d6       45%         4
 Fulminant Prism          Conj/Hex       5%         3d7       45%         4
 Sticky Flame             Conj/Fire      11%        2d3       45%         4
 Death Channel            Necr           5%         N/A       100%        6
 Summon Cactus Giant      Summ           5%         N/A       100%        6


Dungeon Overview and Level Annotations

Branches:
Dungeon (12/15)            Temple (1/1) D:5            Lair (3/5) D:10
 Shoals (0/4) Lair:2        Snake (0/4) Lair:3
    Orc: D:9-12

Altars:
Ashenzari
Cheibriados
Dithmenos
Elyvilon
Fedhas
Gozag
Hepliaklqana
Kikubaaqudgha
Makhleb
Nemelex Xobeh
Okawaru
Qazlal
Ru
Sif Muna
Trog
Uskayaw
Vehumet
Wu Jian
Xom
Yredelemnul
Zin
The Shining One

Shops:
D:10 *

Annotations:
D:9 Erolcha
Lair:3 1 runed translucent door, Snorg


Innate Abilities, Weirdness & Mutations

You can spit globs of acid.
Your golden yellow scales are hard. (AC +8)
You cannot fit into any form of body armour.
You are cold-blooded and may be slowed by cold attacks.
You are resistant to acid. (rCorr)


Message History

The cane toad closely misses you. The wraith hits you but does no damage.
The wraith closely misses you.
You sock the wraith!
You destroy the wraith!
Sif Muna accepts your kill.
The cane toad stings you but does no damage.
The wraith closely misses you.
You bludgeon the wraith!! You tail-slap the wraith!
The wraith is almost destroyed.
You are no longer berserk.
You are exhausted.
You feel as though you will be slow longer.
The cane toad stings you! The wraith hits you but does no damage.
You thump the wraith!
You destroy the wraith!
Sif Muna accepts your kill.
The cane toad stings you but does no damage.
The cane toad stings you.
You sock the cane toad!
The cane toad is moderately wounded.
The cane toad barely misses you. The cane toad stings you.
You sock the cane toad!
Your tail-slap misses the cane toad.
The cane toad is heavily wounded.
The cane toad stings you. x2
You closely miss the cane toad.
The cane toad is heavily wounded.
The cane toad stings you!!
* * * LOW HITPOINT WARNING * * *
The cane toad barely misses you.
Blink to where?
Press: ? - help, Dir - move target
As you read the scroll of blinking, it crumbles to dust.
You have got your breath back.
You closely miss the cane toad.
The cane toad is moderately wounded.
The cane toad misses you. The cane toad stings you!
* * * LOW HITPOINT WARNING * * *
As you read the scroll of teleportation, it crumbles to dust.
You feel strangely unstable. The cane toad stings you!!
You die...

## ##########.##
###............
#..............
###.............
##......##.)ยง.#.#
###.....######...#
#.#F#...###.#...###
##.@...####.........
##.....## #..........
#.....#.# #......#...
##.....#####...###.#..
#.....###.....#######.
#......##....###.###.##
.....#...#....# #.#.....
....###...^.######......
#.....# #........


You could see a cane toad.

Vanquished Creatures
  Josephine (Lair:3)
  Harold (D:9)
  Fannar (Lair:3)
  A two-headed ogre (D:11)
  Lodul (D:11)
  Pikel (D:7)
  2 ugly things (D:11)
  Maurice (D:8)
  A gargoyle (D:11)
  2 cane toads
  Maggie (D:8)
  A rime drake (Lair:3)
  6 komodo dragons
  2 hornets
  A troll (D:9)
  A polar bear (Lair:3)
  Grinder (D:6)
  8 blink frogs
  Sigmund (D:2)
  13 yaks
  7 wraiths
  8 fire bats (Lair:2)
  A fire elemental (Lair:2)
  A vampire (D:11)
  3 wyverns
  2 steam dragons
  Grum (D:8)
  A basilisk (Lair:1)
  2 nagas (Lair:3)
  An acid dragon (D:10)
  6 water moccasins
  An ice beast (D:7)
  4 black bears
  A sky beast (D:7)
  An orc warrior (D:11)
  2 wolves (D:8)
  11 ogres
  8 centaurs
  A phantom (D:3)
  3 lemures (D:8)
  10 bullfrogs
  A necrophage (D:6)
  3 scorpions
  3 wights (D:7)
  6 killer bees (D:8)
  2 lava snakes (Lair:2)
  A jelly (D:7)
  Crazy Yiuf (D:4)
  2 gnoll boudas
  3 hounds
  An orc priest (D:3)
  8 iguanas
  6 orc wizards
  Natasha (thrice) (D:2)
  Robin (D:2)
  18 gnolls
  3 adders
  2 shadow imps
  A white imp (D:5)
  2 ufetubi
  A dart slug (D:4)
  2 worms
  33 orcs
  4 bats
  6 endoplasms
  3 giant cockroaches
  10 goblins
  11 hobgoblins
  4 jackals (D:5)
  9 kobolds
  6 quokkas
  9 ball pythons
  4 frilled lizards
  5 rats
  A fire vortex (Lair:2)
297 creatures vanquished.

Vanquished Creatures (others)
  8 fungi (Lair:3)
  12 plants
20 creatures vanquished.

Grand Total: 317 creatures vanquished

Notes
Turn   | Place    | Note
-------+----------+-------------------------------------------
     0 | D:1      | SaifuuSuri the Draconian Earth Elementalist began the quest
                  | for the Orb.
     0 | D:1      | Reached XP level 1. HP: 14/14 MP: 3/3
   462 | D:1      | Reached XP level 2. HP: 18/20 MP: 3/5
   547 | D:1      | Learned a level 2 spell: Passwall
  1475 | D:2      | Reached XP level 3. HP: 26/26 MP: 3/6
  1512 | D:2      | Noticed Natasha
  1621 | D:2      | HP: 1/26 [iron imp[Natasha] (4)]
  1622 | D:2      | Killed Natasha
  1774 | D:2      | Noticed Natasha
  1777 | D:2      | Killed Natasha
  1778 | D:2      | Reached skill level 4 in Earth Magic
  1778 | D:2      | Reached XP level 4. HP: 17/33 MP: 6/8
  2238 | D:2      | Noticed Natasha
  2246 | D:2      | Killed Natasha
  2375 | D:2      | Noticed Sigmund
  2382 | D:2      | Killed Sigmund
  2383 | D:2      | Reached skill level 1 in Maces & Flails
  2383 | D:2      | Reached XP level 5. HP: 4/38 MP: 4/12
  2383 | D:2      | Reached XP level 6. HP: 5/45 MP: 4/13
  2677 | D:2      | Identified the +2 helmet "Bimu" {rN+ Str+3 Int+2 Stlth-}
  2677 | D:2      | Noticed Robin
  2697 | D:2      | Killed Robin
  3317 | D:3      | Reached skill level 5 in Spellcasting
  3444 | D:3      | Learned a level 3 spell: Stone Arrow
  3855 | D:3      | Found a faded altar of an unknown god.
  3930 | D:3      | Reached skill level 5 in Earth Magic
  4011 | D:3      | Your scales start taking on a golden yellow colour.
  4011 | D:3      | Reached XP level 7. HP: 50/50 MP: 8/14
  4011 | D:3      | Gained mutation: You are resistant to acid. (rCorr) [Yellow
                  | Draconian growth]
  4624 | D:4      | Found an iron altar of Okawaru.
  5169 | D:4      | Found a runed translucent door.
  5170 | D:4      | Noticed Crazy Yiuf
  5176 | D:4      | Killed Crazy Yiuf
  5296 | D:5      | Entered Level 5 of the Dungeon
  5341 | D:5      | Found a staircase to the Ecumenical Temple.
  5347 | Temple   | Entered the Ecumenical Temple
  5456 | Temple   | Became a worshipper of Sif Muna the Loreminder
  5552 | D:5      | Noticed a wyvern
  5559 | D:5      | Killed a wyvern
  5560 | D:5      | Reached XP level 8. HP: 57/57 MP: 14/16
  5576 | D:5      | Reached skill level 5 in Transmutations
  5746 | D:5      | Identified the +7 flail "Eloon" {elec, *Rage rElec rC+}
  5774 | D:5      | Reached skill level 6 in Earth Magic
  6585 | D:6      | Noticed Grinder
  6586 | D:6      | Paralysed by Grinder for 5 turns
  6596 | D:6      | Killed Grinder
  6690 | D:6      | Reached skill level 1 in Invocations
  6799 | D:6      | Reached * piety under Sif Muna
  6854 | D:6      | Found a radiant altar of Vehumet.
  7070 | D:6      | Found a burning altar of Makhleb.
  7181 | D:6      | Reached XP level 9. HP: 46/62 MP: 18/18
  7270 | D:6      | Found a broken altar of Ashenzari.
  7605 | D:6      | Found a stormy altar of Qazlal.
  8490 | D:7      | Reached skill level 5 in Invocations
  8549 | D:7      | Found a hazy altar of Hepliaklqana.
  8573 | D:7      | Reached skill level 5 in Maces & Flails
  8701 | D:7      | Reached ** piety under Sif Muna
  9670 | D:8      | Noticed Grum
  9681 | D:8      | Killed Grum
  9851 | D:8      | Noticed Maggie
  9854 | D:8      | Noticed Pikel
  9867 | D:7      | Killed Pikel
  9868 | D:7      | Reached XP level 10. HP: 33/69 MP: 19/19
 10032 | D:7      | Learned a level 4 spell: Petrify
 10046 | D:7      | Reached skill level 1 in Fighting
 10334 | D:8      | Killed Maggie
 10552 | D:8      | Noticed Maurice
 10591 | D:8      | Killed Maurice
 11547 | D:9      | Noticed Harold
 11557 | D:9      | Killed Harold
 11558 | D:9      | Reached skill level 5 in Fighting
 11803 | D:9      | Noticed Erolcha
 11812 | D:10     | Entered Level 10 of the Dungeon
 11818 | D:10     | HP: 2/83 [something] (12)]
 12089 | D:10     | Found an ancient bone altar of Kikubaaqudgha.
 12093 | D:10     | Identified the +0 robe of Defence {Harm Str+2}
 12211 | D:10     | Found Jiopeh's General Store.
 12700 | D:10     | Reached XP level 11. HP: 92/92 MP: 1/20
 12908 | D:10     | Found a staircase to the Lair.
 13930 | D:11     | Noticed Lodul
 13943 | D:11     | Reached skill level 7 in Earth Magic
 13948 | D:11     | Noticed a brown ugly thing
 13961 | D:11     | Killed Lodul
 14411 | D:11     | HP: 3/92 [gargoyle/+0 mace (17)]
 14934 | D:11     | Noticed a purple ugly thing
 14943 | D:11     | Killed a purple ugly thing
 15167 | D:11     | Noticed a +0 spear
 15169 | D:11     | Noticed a +0 dagger
 15169 | D:11     | Noticed a +0 falchion
 15171 | D:11     | Noticed a +0 short sword
 15173 | D:11     | Killed a brown ugly thing
 15174 | D:11     | Reached skill level 8 in Earth Magic
 15174 | D:11     | Noticed a +0 spear
 15174 | D:11     | Noticed a +0 short sword
 15174 | D:11     | Noticed a +0 dagger
 15176 | D:11     | Noticed a +0 falchion
 15223 | D:11     | Noticed a two-headed ogre
 15234 | D:11     | Killed a two-headed ogre
 15311 | D:10     | Bought a scroll of identify for 24 gold pieces
 15311 | D:10     | Bought a book of Debilitation for 240 gold pieces
 15311 | D:10     | Bought a potion of curing for 36 gold pieces
 15469 | D:11     | Found a hide-covered altar of Uskayaw.
 15693 | Lair:1   | Entered Level 1 of the Lair of Beasts
 15818 | Lair:1   | Learned a level 4 spell: Leda's Liquefaction
 16392 | Lair:1   | Reached *** piety under Sif Muna
 16399 | Lair:1   | Reached skill level 9 in Earth Magic
 16879 | Lair:2   | Found a gate leading to a gauntlet.
 16915 | Lair:2   | Found a staircase to the Shoals.
 17460 | Lair:2   | Reached XP level 12. HP: 74/100 MP: 20/24
 18390 | Lair:3   | Reached skill level 10 in Earth Magic
 18583 | Lair:3   | Noticed Fannar
 18598 | Lair:3   | Killed Fannar
 18726 | Lair:3   | Reached **** piety under Sif Muna
 18894 | Lair:3   | Noticed Snorg
 18923 | Lair:3   | Found a staircase to the Snake Pit.
 19053 | Lair:3   | Found a runed translucent door.
 19452 | Lair:3   | Noticed Josephine
 19460 | Lair:3   | Reached skill level 11 in Earth Magic
 19465 | Lair:3   | Killed Josephine
 19484 | Lair:3   | Slain by a cane toad

Illustrated notes

Levels and vault maps discovered:
D:1:      roderic_lyre, layout_loops_ring, hangedman_decor_points
D:2:      layout_basic, kennysheep_pointless_box, uniq_natasha, uniq_robin,
          uniq_sigmund
D:3:      layout_loops_ring, ebering_ecumenical_altar_box
D:4:      layout_rooms, okawaru_trees_2, uniq_crazy_yiuf_cottage
D:5:      layout_rooms, minmay_temple_entry_hall
D:6:      layout_loops_corners, nicolae_overflow_crystal_walls,
          mainiacjoe_overflow_boulevard, mainiacjoe_overflow_alcove_1,
          mainiacjoe_overflow_chevrons, uniq_grinder
D:7:      layout_basic, nzn_hepliaklqana_mist_gate
D:8:      layout_cave_pools, minivault_19, uniq_maggie, uniq_pikel, uniq_grum,
          uniq_maurice
D:9:      old_forge, layout_irregular_city,
          kennysheep_orc_monster_closet_entryway, enter_bailey_2, uniq_erolcha,
          uniq_harold
D:10:     layout_long_grid, kiku_gazebo_pond_becter, david_lair_shrubbed,
          serial_shops, nicolae_take_the_stairs
D:11:     layout_loops_ring, minivault_23, nicolae_uskayaw_en_pointe, uniq_lodul
D:12:     layout_gridville, uniq_azrael
Temple:   nicolae_temple_no_exploring_needed
Lair:1:   layout_loops_ring, grunt_megastairs_4
Lair:2:   layout_chaotic_city, minmay_shoals_entry_centaurs,
          gauntlet_entry_generic
Lair:3:   gammafunk_indiana_jones, layout_concentric_octagons,
          guppyfry_snake_entry_island, grunt_megastairs_3, uniq_snorg,
          uniq_fannar, uniq_josephine

Skill      XL: |  1  2  3  4  5  6  7  8  9 10 11 12 |
---------------+-------------------------------------+-----
Spellcasting   | 3 4 5 6 8 9 |  9.0
Earth Magic    | 4 5 6 9 11 | 11.0
Maces & Flails | 1 2 6 7 |  7.4
Transmutations | 2 4 6 8 9 |  9.5
Invocations    | 3 7 8 |  8.2
Fighting       | 7 |  7.4
Dodging        | |  1.7
Stealth        | |  1.7

Action                   |  1- 3 |  4- 6 |  7- 9 | 10-12 || total
-------------------------+-------+-------+-------+-------++-------
Melee: Whip              |    41 |    37 |       |       ||    78
       Tailslap          |     6 |     3 |    10 |    44 ||    63
       Flail             |       |     2 |   130 |   291 ||   423
       Mace              |       |       |    12 |       ||    12
       Punch             |       |       |     2 |     2 ||     4
       Unarmed           |       |       |       |    10 ||    10
Throw: Throwing net      |       |       |       |     2 ||     2
 Cast: Sandblast         |    32 |    54 |    33 |     1 ||   120
       Passwall          |     2 |     1 |       |       ||     3
       Stone Arrow       |       |     2 |    36 |   136 ||   174
       Leda's Liquefacti |       |       |       |     3 ||     3
       Petrify           |       |       |       |     9 ||     9
Invok: Channel Magic     |       |       |       |     1 ||     1
 Abil: Breathe Acid      |       |       |    28 |    32 ||    60
Evoke: Wand              |       |       |       |     2 ||     2
  Use: Scroll            |     3 |       |     5 |    13 ||    21
       Potion            |     1 |     1 |       |     5 ||     7
 Stab: Petrifying        |       |       |       |     2 ||     2
       Petrified         |       |       |       |     1 ||     1
Armor: Skin              |    22 |    33 |    70 |   108 ||   233
Dodge: Dodged            |    48 |    21 |   120 |   205 ||   394
